 Dungeon Crawl Stone Soup version 0.25.0-1-g7eea58d (webtiles) character file.

Game seed: 17886370764111064917

12711 Illumine the Frost Mage (level 11, -1/68 HPs)
             Began as a Gargoyle Ice Elementalist on June 17, 2020.
             Was an Elder of Vehumet.
             Splashed by an oklob plant's acid (13 damage)
             ... on level 3 of the Lair of Beasts.
             The game lasted 00:35:06 (12233 turns).

Illumine the Frost Mage (GrIE)                     Turns: 12233, Time: 00:35:07

Health: -1/68      AC: 23    Str: 12    XL:     11   Next: 97%
Magic:  15/21      EV: 10    Int: 24    God:    Vehumet [****..]
Gold:   582        SH:  7    Dex: 15    Spells: 7/24 levels left

rFire    x . .     SeeInvis .   i - +2 dagger (elec)
rCold    + . .     Gourm    .   D - +2 buckler
rNeg     + . .     Faith    .   e - +9 scale mail of Fevun {rPois MR- Int+5}
rPois    ∞         Spirit   .   (no helmet)
rElec    +         Reflect  .   B - +0 cloak
rCorr    .         Harm     .   (no gloves)
MR       .....                  a - +0 pair of boots
Stlth    +.........             (no amulet)
HPRegen  0.21/turn              N - ring of ice
MPRegen  0.17/turn              y - ring "Muruex" {rPois Dex+5}

@: corroded, very slightly contaminated, studying Necromancy
A: negative energy resistance 1, electricity resistance, unbreathing,
petrification resistance, rot immunity, AC +8
a: Renounce Religion


You were on level 3 of the Lair of Beasts.
You worshipped Vehumet.
Vehumet was greatly pleased with you.
You were not hungry.

You visited 3 branches of the dungeon, and saw 13 of its levels.

You collected 582 gold pieces.

Inventory:

Hand Weapons
 i - a +2 dagger of electrocution (weapon)
 o - a +2 flail of holy wrath
 x - a +0 morningstar
 K - the +6 short sword of Obsession {venom, Int+3, unknown}
   (You found it on level 1 of the Lair of Beasts)

   It poisons the flesh of those it strikes.
   It affects your intelligence (+3).
Missiles
 d - 36 poisoned darts (quivered)
 v - 22 boomerangs
Armour
 a - a +0 pair of boots (worn)
 e - the +9 scale mail of Fevun (worn) {rPois MR- Int+5}
   (You found it on level 4 of the Dungeon)

   It affects your intelligence (+5).
   It protects you from poison.
   It affects your resistance to hostile enchantments.
 f - the +4 scale mail "Etrikorch" {SInv}
   (You found it on level 7 of the Dungeon)

   It lets you see invisible.
 t - a +0 leather armour of magic resistance
 B - a +0 cloak (worn)
 D - a +2 buckler (worn)
Jewellery
 y - the ring "Muruex" (right hand) {rPois Dex+5}
   (You took it off a gnoll sergeant on level 6 of the Dungeon)

   [ring of poison resistance]

   It affects your dexterity (+5).
   It protects you from poison.
 A - an uncursed ring of resist corrosion
 N - a ring of ice (left hand)
 O - an uncursed ring of protection from cold
Wands
 w - a wand of iceblast (2)
 F - a wand of flame (15)
 P - a wand of paralysis (7)
Scrolls
 b - 4 scrolls of remove curse
 h - 4 scrolls of teleportation
 j - a scroll of immolation {unknown}
 m - 3 scrolls of blinking
 p - a scroll of enchant weapon {unknown}
 s - 5 scrolls of enchant armour {unknown}
 u - a scroll of amnesia {unknown}
 H - 4 scrolls of identify
 J - 3 scrolls of magic mapping {unknown}
 L - 2 scrolls of fear {unknown}
Potions
 k - a potion of might {unknown}
 l - 2 potions of resistance {unknown}
 n - a potion of invisibility {unknown}
 q - a potion of brilliance
 r - 2 potions of stabbing
 z - 2 potions of curing
 C - a potion of degeneration {unknown}
 G - a potion of haste
 I - 2 potions of heal wounds {unknown}
 Q - a potion of mutation {unknown}
Books
 E - a manual of Necromancy
Miscellaneous
 M - a tin of tremorstones (3/3)
Comestibles
 c - 16 rations


   Skills:
 + Level 7.8 Fighting
 + Level 5.7 Maces & Flails
 + Level 8.2 Armour
 - Level 3.0 Dodging
 - Level 2.1 Stealth
 - Level 4.0 Shields
 + Level 7.0 Spellcasting
 + Level 6.1 Conjurations
 + Level 6.0 Summonings
 + Level 2.5 Necromancy
 + Level 8.3 Ice Magic


You had 7 spell levels left.
You knew the following spells:

 Your Spells              Type           Power        Failure   Level  Hunger
a - Freeze                Ice            ####         1%          1    None
b - Frozen Ramparts       Ice            ######       1%          3    None
c - Summon Ice Beast      Ice/Summ       ######..     16%         4    ###....
d - Hailstorm             Conj/Ice       ######..     4%          4    ###....
e - Magic Dart            Conj           ####         1%          1    None
f - Iskenderun's Mystic   Conj/Tloc      ###.....     21%         4    ###....

Your spell library contained the following spells:

 Spells                   Type           Power        Failure   Level  Hunger
 Iskenderun's Battlesphe  Conj/Chrm      ###.....     50%         5    #####..
 Ozocubu's Armour         Chrm/Ice       #####...     16%         3    None


Dungeon Overview and Level Annotations

Branches:
Dungeon (8/15)             Temple (1/1) D:5            Lair (4/6) D:8
 Spider (0/4) Lair:4
  Swamp: Lair:2-4    Shoals: Lair:2-4

Altars:
Ashenzari
Cheibriados
Dithmenos
Elyvilon
Fedhas
Gozag
Hepliaklqana
Kikubaaqudgha
Makhleb
Okawaru
Qazlal
Ru
Sif Muna
Trog
Uskayaw
Vehumet
Wu Jian
Xom
Yredelemnul
Zin
The Shining One

Shops:
D:4 [   D:8 :

Annotations:
Lair:3 exclusion: 5 oklob plants


Innate Abilities, Weirdness & Mutations

You are resistant to torment.
Your stone body is resilient. (AC +8)
You are immune to poison.
You resist negative energy. (rN+)
You are resistant to electric shocks. (rElec)
You can survive without breathing.
You are immune to petrification.
You are immune to rotting.


Message History

The nameless horror hits you but does no damage.
You enter the shallow water.
Moving in this stuff is going to be slow.
Your surroundings suddenly seem different.
The oklob plant spits acid at you.
The splash of acid hits you but does no damage.
The acid corrodes you!
You are splashed with acid!
The oklob plant spits acid at you.
The splash of acid hits you but does no damage.
You are splashed with acid!
The oklob plant spits acid at you.
The splash of acid hits you but does no damage.
You are splashed with acid!
* * * LOW HITPOINT WARNING * * *
You open the door. 2 crocodiles come into view.
The oklob plant spits acid at you.
The splash of acid hits you but does no damage.
You are splashed with acid!
You die...

.. t#####.
...... ....#
..t# .P#
######'######
#P≈≈.@...≈≈P#
#P≈.......≈P#
#P≈.......≈P#
#P≈.......≈P#
#P≈.......≈P#
#P≈≈.....≈≈P#
#####...#####
#>>.# #####


You could see 5 oklob plants and 2 crocodiles.

Vanquished Creatures
  Pikel (D:8)
  2 elephants
  A black mamba (Lair:4)
  3 spiny frogs
  2 komodo dragons (Lair:2)
  The ghost of brinewave the Skirmisher, an amateur MiMo of Ru (D:6)
  Prince Ribbit (D:5)
  6 hippogriffs
  9 blink frogs
  Grum (D:8)
  A wyvern (Lair:4)
  3 basilisks
  A hungry ghost (D:8)
  Menkaure (D:7)
  2 water moccasins (Lair:2)
  2 orc warriors
  6 porcupines
  An ice beast (D:6)
  A sky beast (D:6)
  2 slaves (D:8)
  A black bear (Lair:4)
  6 wolves
  3 ogres
  6 centaurs
  6 crocodiles
  4 bullfrogs
  3 gnoll sergeants (D:6)
  2 scorpions (D:7)
  18 killer bees
  5 howler monkeys
  4 crimson imps
  2 centaur zombies
  8 orc priests
  A centaur skeleton (D:4)
  A gnoll shaman (D:6)
  3 hounds
  3 iguanas
  4 orc wizards
  5 worker ants
  A hound zombie (D:7)
  A hound skeleton (D:7)
  17 gnolls
  6 adders
  2 shadow imps (D:6)
  2 oozes
  An adder zombie (D:8)
  2 adder skeletons
  2 worms
  A dart slug (D:3)
  4 leopard geckos
  46 orcs
  9 giant cockroaches
  6 goblins
  4 hobgoblins
  11 jackals
  4 kobolds
  3 quokkas
  4 ball pythons
  4 bats
  6 frilled lizards
  A giant cockroach zombie (D:6)
  2 quokka skeletons (D:4)
  8 rats
279 creatures vanquished.

Vanquished Creatures (others)
  A slave (D:8)
  An orc (D:8)
  2 plants (D:6)
4 creatures vanquished.

Grand Total: 283 creatures vanquished

Notes
Turn   | Place    | Note
-------+----------+-------------------------------------------
     0 | D:1      | Illumine the Gargoyle Ice Elementalist began the quest for
                  | the Orb.
     0 | D:1      | Reached XP level 1. HP: 10/10 MP: 3/3
   387 | D:1      | Reached XP level 2. HP: 16/16 MP: 5/5
   941 | D:1      | Reached skill level 1 in Fighting
   941 | D:1      | Reached XP level 3. HP: 20/20 MP: 4/6
  1510 | D:2      | Learned a level 3 spell: Frozen Ramparts
  2235 | D:3      | Reached XP level 4. HP: 25/25 MP: 4/7
  2828 | D:3      | Reached XP level 5. HP: 30/30 MP: 6/9
  2859 | D:3      | Learned a level 4 spell: Summon Ice Beast
  3689 | D:4      | Reached XP level 6. HP: 36/36 MP: 8/10
  3722 | D:4      | Reached skill level 1 in Armour
  4185 | D:4      | Reached skill level 5 in Ice Magic
  4222 | D:4      | Got a jewelled scale mail
  4264 | D:4      | Identified the +9 scale mail of Fevun {rPois MR- Int+5}
                  | (You found it on level 4 of the Dungeon)
  4270 | D:4      | Reached skill level 1 in Maces & Flails
  4449 | D:4      | Found Vaaroi's Armour Boutique.
  4861 | D:5      | Entered Level 5 of the Dungeon
  4871 | D:5      | Found a staircase to the Ecumenical Temple.
  4882 | Temple   | Entered the Ecumenical Temple
  4924 | Temple   | Became a worshipper of Vehumet
  5023 | D:5      | Reached skill level 1 in Summonings
  5132 | D:5      | Noticed Prince Ribbit
  5153 | D:5      | Killed Prince Ribbit
  5153 | D:5      | Reached XP level 7. HP: 41/41 MP: 4/12
  5746 | D:6      | Reached XP level 8. HP: 48/48 MP: 6/13
  6667 | D:6      | Reached skill level 5 in Armour
  6899 | D:6      | Learned a level 4 spell: Hailstorm
  6919 | D:6      | Reached * piety under Vehumet
  6919 | D:6      | Offered knowledge of Magic Dart by Vehumet.
  6953 | D:6      | Learned a level 1 spell: Magic Dart
  7137 | D:6      | Found a transporter.
  7166 | D:6      | Reached XP level 9. HP: 53/53 MP: 12/16
  7235 | D:6      | Found a transporter.
  7261 | D:6      | Reached skill level 1 in Conjurations
  7344 | D:6      | Identified the ring "Muruex" {rPois Dex+5}
  7568 | D:7      | Reached skill level 5 in Fighting
  7606 | D:7      | Got a spiked scale mail
  7607 | D:7      | Identified the +4 scale mail "Etrikorch" {SInv} (You found
                  | it on level 7 of the Dungeon)
  7958 | D:7      | Reached skill level 5 in Spellcasting
  8116 | D:7      | Noticed Menkaure
  8129 | D:7      | Killed Menkaure
  8376 | D:7      | Offered knowledge of Shock by Vehumet.
  8430 | D:7      | Reached ** piety under Vehumet
  9029 | D:8      | Noticed an elephant
  9200 | D:6      | Noticed brinewave's ghost (amateur MiMo)
  9214 | D:6      | Killed brinewave's ghost
  9214 | D:6      | Reached XP level 10. HP: 60/60 MP: 18/18
  9404 | D:8      | Killed an elephant
  9404 | D:8      | Reached skill level 1 in Shields
  9541 | D:8      | Offered knowledge of Static Discharge by Vehumet.
  9619 | D:8      | Found Wohiblapp's Book Shop.
  9619 | D:8      | Identified the cursed +1 robe "Zyosoq" {rF+}
  9628 | D:8      | Noticed Pikel
  9843 | D:8      | Killed Pikel
  9852 | D:8      | Reached *** piety under Vehumet
 10061 | D:8      | Found a staircase to the Lair.
 10091 | D:8      | Noticed Grum
 10101 | D:8      | Killed Grum
 10174 | Lair:1   | Entered Level 1 of the Lair of Beasts
 10191 | Lair:1   | Got a bone short sword
 10209 | Lair:1   | Reached skill level 5 in Summonings
 10470 | Lair:1   | Reached XP level 11. HP: 56/66 MP: 16/20
 10567 | Lair:1   | Offered knowledge of Iskenderun's Mystic Blast by Vehumet.
 10710 | Lair:1   | Reached skill level 5 in Conjurations
 10736 | Lair:1   | Reached skill level 5 in Maces & Flails
 11332 | Lair:2   | Learned a level 4 spell: Iskenderun's Mystic Blast
 11561 | Lair:2   | Reached skill level 1 in Necromancy
 11728 | Lair:2   | Reached **** piety under Vehumet
 11857 | Lair:2   | You fall into a shaft and drop 2 floors!
 11862 | Lair:3   | Noticed an oklob plant
 11862 | Lair:3   | Noticed an oklob plant
 11862 | Lair:3   | Noticed an oklob plant
 11862 | Lair:3   | Noticed an oklob plant
 11862 | Lair:3   | Noticed an oklob plant
 11984 | Lair:4   | Found a hole to the Spider Nest.
 12106 | Lair:4   | Offered knowledge of Iskenderun's Battlesphere by Vehumet.
 12207 | Lair:4   | Noticed a death yak
 12233 | Lair:3   | Splashed by an oklob plant's acid

Illustrated notes

Levels and vault maps discovered:
D:1:      dpeg_arrival_houses_and_road, layout_basic
D:2:      layout_basic, uniq_crazy_yiuf_cottage
D:3:      kb_forest_paths, layout_basic, grunt_ministairs_8
D:4:      layout_loops_ring, serial_shops, nicolae_shop_stone, minmay_mini_jars
D:5:      cheibrodos_iron_armory, layout_basic, minmay_temple_entry_mini_moons,
          first_ration, minmay_misc_feat_more_columns, uniq_prince_ribbit1
D:6:      layout_gridville, gammafunk_ghost_gnarly_gnolls, minmay_hedge_maze
D:7:      layout_loops_ring, uniq_menkaure
D:8:      layout_basic, david_lair_generic, serial_shops, nicolae_shop_trees,
          uniq_grum, uniq_pikel
Temple:   nicolae_temple_the_god_donut
Lair:1:   layout_regular_city, st_stairs_4, lemuel_fruit_tree
Lair:2:   minmay_lair_oklob_tunnel, layout_regular_city
Lair:3:   dpeg_oklob_gauntlet, layout_concentric_octagons,
          minmay_shoals_entry_hut, nicolae_quartered_pool_little,
          beast_lair_carwin_9, infiniplex_staircase_pool_2
Lair:4:   hangedman_what_comes_after_a, layout_regular_city, dummy_spider_entry

Skill      XL: |  1  2  3  4  5  6  7  8  9 10 11 |
---------------+----------------------------------+-----
Fighting       | 1 2 3 4 6 7 |  7.8
Dodging        | 2 3 |  3.0
Spellcasting   | 3 4 5 6 7 |  7.0
Armour         | 2 3 5 6 7 8 |  8.2
Ice Magic      | 5 6 7 8 |  8.3
Maces & Flails | 1 2 3 4 5 |  5.7
Summonings     | 1 3 4 5 6 |  6.0
Conjurations   | 3 4 6 |  6.1
Shields        | 2 4 |  4.0
Necromancy     | 2 |  2.5
Stealth        | |  2.1

Action                   |  1- 3 |  4- 6 |  7- 9 | 10-12 || total
-------------------------+-------+-------+-------+-------++-------
Melee: Mace              |    12 |       |       |       ||    12
       Short sword       |     1 |    36 |       |       ||    37
       Morningstar       |       |    12 |     6 |       ||    18
       Flail             |       |     1 |    97 |    12 ||   110
       Dagger            |       |       |     2 |    53 ||    55
Throw: Dart              |     5 |    10 |     8 |     3 ||    26
 Cast: Freeze            |    46 |   100 |    97 |   147 ||   390
       Frozen Ramparts   |       |     6 |    21 |    35 ||    62
       Summon Ice Beast  |       |       |     1 |       ||     1
       Magic Dart        |       |       |       |     1 ||     1
Evoke: Wand              |       |       |     3 |       ||     3
  Use: Scroll            |       |     8 |     3 |     2 ||    13
       Potion            |       |       |     1 |       ||     1
 Stab: Sleeping          |       |     1 |       |       ||     1
  Eat: Chunk             |     4 |    10 |    12 |    10 ||    36
       Ration            |       |       |     2 |       ||     2
Armor: Robe              |    18 |    35 |       |       ||    53
       Leather armour    |       |     3 |    38 |       ||    41
       Scale mail        |       |       |    70 |   161 ||   231
Dodge: Dodged            |    32 |    56 |   122 |   104 ||   314
Block: Buckler           |       |       |       |    12 ||    12
